 Dungeon Crawl Stone Soup version 0.29.1-2-gbd0b4ee654 (webtiles) character file.

Game seed: 8203689082049147113

105 chunkyMonkey the Trooper (level 4, -18/37 HPs)
             Began as a Mummy Fighter on Nov 23, 2022.
             Was an Initiate of Okawaru.
             Demolished by Menkaure (19 damage)
             ... on level 4 of the Dungeon.
             The game lasted 00:09:58 (3696 turns).

chunkyMonkey the Trooper (Mummy Fighter)            Turns: 3696, Time: 00:09:59

Health: -18/37     AC:  7    Str: 21    XL:     4   Next: 54%
Magic:  7/7        EV:  5    Int:  7    God:    Okawaru [......]
Gold:   104        SH: 11    Dex: 11    Spells: 7/7 levels left

rFire   x . .      SeeInvis .   a - +0 war axe
rCold   + . .      Faith    .   e - +0 tower shield
rNeg    + + +      Spirit   .   b - +0 scale mail
rPois   ∞          Reflect  .   l - +0 helmet
rElec   .          Harm     .   (no cloak)
rCorr   .          Rampage  .   (no gloves)
Will    .....                   (no boots)
Stlth   +.........              (no amulet)
HPRegen 0.12/turn               d - ring of Shadows {Umbra +Inv Stlth+}
MPRegen 0.10/turn               (no ring)

@: wreathed by umbra
A: cold resistance 1, negative energy resistance 3, torment resistance 2, heat
vulnerability 1, in touch with death 1, no potions
a: Renounce Religion, Evoke Invisibility


You were on level 4 of the Dungeon.
You worshipped Okawaru.
Okawaru was noncommittal.
You visited 2 branches of the dungeon, and saw 5 of its levels.

You collected 104 gold pieces.

Inventory:

Hand Weapons
 a - a +0 war axe (weapon)
 f - a +2 short sword of flaming
 k - a +2 antimagic dagger
Armour
 b - a +0 scale mail (worn)
 c - a +0 buckler
 e - a +0 tower shield (worn)
 l - a +0 helmet (worn)
Jewellery
 d - the ring of Shadows (left hand) {Umbra +Inv Stlth+}
   (You found it on level 3 of the Dungeon)

   [ring of stealth]

   It surrounds you with an aura of shadow, increasing your stealth and reducing
   the accuracy of all others within it.
   +Inv:      It lets you turn invisible.
   Stlth:     It makes you more stealthy.
Scrolls
 g - a scroll of vulnerability
 h - a scroll of summoning {unknown}
 i - a scroll of teleportation
 j - a scroll of enchant armour {unknown}


   Skills:
 * Level 3.7 Fighting
 + Level 2.4 Axes
 + Level 2.8 Armour
 * Level 2.6 Shields
 + Level 2.1 Spellcasting
 + Level 0.3 Invocations


You had 7 spell levels left.
You didn't know any spells.
Your spell library contained the following spells:

 Spells                   Type           Power      Damage    Failure   Level
 Gell's Gravitas          Tloc           0%         N/A       100%        3
 Lesser Beckoning         Tloc           0%         N/A       100%        3
 Ozocubu's Armour         Ice            0%         N/A       100%        3
 Teleport Other           Tloc           0%         N/A       100%        3
 Metabolic Englaciation   Hex/Ice        0%         N/A       100%        5
 Simulacrum               Ice/Necr       Unusable   N/A       N/A         6

Dungeon Overview and Level Annotations

Branches:
Dungeon (4/15)             Temple (1/1) D:4

Altars:
Fedhas
Gozag
Hepliaklqana
Kikubaaqudgha
Okawaru
Qazlal
Ru
Sif Muna
Trog

Annotations:
D:4 Menkaure


Innate Abilities, Weirdness & Mutations

You are immune to poison.
Your flesh is cold resistant. (rC+)
You are immune to negative energy. (rN+++)
You are immune to unholy pain and torment.
You are vulnerable to heat. (rF-)
You are in touch with the powers of death.
You do not drink.


Message History

Magic restored.
You continue putting on your +0 helmet. x2
You finish putting on your +0 helmet.
Unknown command.
You start resting.
Menkaure, Prince of Dust comes into view.
Items here: )) ††.
Things that are here:
a +0 club; a +0 dagger; a goblin corpse
There is a stone staircase leading up here.
You start resting.
Menkaure is nearby!
You climb upwards.
There is a stone staircase leading down here.
You start resting.
HP restored.
You climb downwards.
Level annotation: Menkaure
There is a stone staircase leading up here.
You hit Menkaure.
Menkaure is lightly damaged.
Menkaure barely misses you.
You hit Menkaure.
Menkaure is moderately damaged.
Menkaure barely misses you. Menkaure hits you.
You hit Menkaure but do no damage.
Menkaure is moderately damaged.
Menkaure mumbles some strange words.
Menkaure seems to speed up.
You slash Menkaure!
Menkaure is severely damaged.
Menkaure hits you but does no damage. Menkaure hits you!
You hit Menkaure.
Menkaure is severely damaged.
You block Menkaure's attack. Menkaure hits you!!
Ouch! That really hurt!
* * * LOW HITPOINT WARNING * * *
Menkaure hits you!!
Ouch! That really hurt!
You die...

#..# #..# #
#..# .# #..##.#
#.....#
#######.<.##
.........#.##
####.#..##.##
#.
#.@###.#######.
#
#.M.....)......
#.####)#######.
#.#...))##
#....)[)#
##...#..#
#.###..# #.#
#..# #. #..#


You could see Menkaure (fast).

Vanquished Creatures
  Robin (D:4)
  An adder (D:2)
  A worm (D:2)
  2 dart slugs
  3 orcs
  3 bats
  5 endoplasms
  12 giant cockroaches
  14 goblins
  4 hobgoblins
  4 jackals (D:3)
  2 quokkas
  3 ball pythons
  4 frilled lizards
  5 kobolds
  2 rats
66 creatures vanquished.

Notes
Turn   | Place    | Note
-------+----------+-------------------------------------------
     0 | D:1      | chunkyMonkey the Mummy Fighter began the quest for the Orb.
     0 | D:1      | Reached XP level 1. HP: 18/18 MP: 1/1
   845 | D:2      | Reached XP level 2. HP: 18/24 MP: 1/3
   930 | D:2      | Reached skill level 1 in Spellcasting
  1208 | D:2      | Gained mutation: You are in touch with the powers of death.
                  | [Mummy growth]
  1208 | D:2      | Reached XP level 3. HP: 29/29 MP: 5/5
  1860 | D:3      | Found a faded altar of an unknown god.
  1939 | D:3      | Noticed an ogre
  1940 | D:3      | Found the ring of Shadows {Umbra +Inv Stlth+}
  2131 | D:3      | Reached XP level 4. HP: 33/35 MP: 7/7
  2485 | D:4      | Noticed a scorpion
  2491 | D:4      | Noticed an ogre
  2499 | D:4      | Found a staircase to the Ecumenical Temple.
  2505 | Temple   | Entered the Ecumenical Temple
  2961 | Temple   | Became a worshipper of Warmaster Okawaru
  3465 | D:4      | Noticed Robin
  3476 | D:4      | Killed Robin
  3552 | D:4      | Noticed Menkaure
  3696 | D:4      | HP: 1/37 [Menkaure (20)]
  3696 | D:4      | Demolished by Menkaure

Illustrated notes

Levels and vault maps discovered:
D:1:      roderic_dead_forest, layout_loops_ring
D:2:      minmay_roachtagon, layout_basic
D:3:      layout_rooms, hellmonk_ecumenical_altar_blasted
D:4:      layout_loops_ring, minmay_temple_entry_trees, lightli_corner_chamber,
          uniq_robin, uniq_menkaure, uniq_grinder
Temple:   hellmonk_temple_of_storms

Skill      XL: |  1  2  3 |
---------------+----------+-----
Spellcasting   | 1 2 |  2.1
Axes           | 2 |  2.4
Fighting       | |  3.7
Armour         | |  2.8
Shields        | |  2.6
Invocations    | |  0.3

Action                   |  1- 3 |  4- 6 || total
-------------------------+-------+-------++-------
Melee: War axe           |   123 |    52 ||   175
  Use: Scroll            |     3 |     4 ||     7
 Stab: Sleeping          |       |     1 ||     1
Armor: Scale mail        |    64 |    30 ||    94
Dodge: Dodged            |    61 |    15 ||    76
Block: Buckler           |    20 |     4 ||    24
       Tower shield      |       |    32 ||    32
